 Dungeon Crawl Stone Soup version 0.25-a0-699-g25a338d (webtiles) character file.

Game seed: 8310541875121655152, levelgen mode: deterministic

61190 Faels the Severer (level 14, 98/108 HPs)
             Began as a Demonspawn Fighter on Apr 1, 2020.
             Was the Champion of Okawaru.
             Quit the game on level 4 of the Lair of Beasts.
             The game lasted 01:12:57 (25401 turns).

Faels the Severer (Demonspawn Fighter)             Turns: 25401, Time: 01:12:57

Health: 98/108     AC: 13    Str: 19      XL:     14   Next: 59%
Magic:  18/18      EV:  7    Int:  9 (10) God:    Okawaru [******]
Gold:   1612       SH: 18    Dex: 23      Spells: 13/13 levels left

rFire    + . .     SeeInvis .   t - +5 war axe (flame)
rCold    + . .     Gourm    .   V - +1 tower shield {rC+}
rNeg     . . .     Faith    +   H - +0 plate armour "Puc Qaff" {*Contam rF+ Dex+8 Slay+4} (curse)
rPois    +         Spirit   +   e - +0 hat
rElec    .         Reflect  .   I - scarf {repulsion}
rCorr    .         Harm     .   E - +0 pair of gloves {archery}
MR       +....                  (no boots)
Stlth    ..........             O - amulet of faith
HPRegen  0.28/turn              g - ring of poison resistance
MPRegen  0.32/turn              K - +4 ring of slaying

@: repel missiles
A: hooves 2, yellow scales 2, deformed body, demonic guardian 2, magic shield,
magic regeneration, magic link
a: Heroism, Finesse, Renounce Religion


You were on level 4 of the Lair of Beasts.
You worshipped Okawaru.
Okawaru was exalted by your worship.
You were hungry.

You visited 4 branches of the dungeon, and saw 19 of its levels.
You also visited: Ossuary, Gauntlet and Volcano.

You collected 2462 gold pieces.
You spent 850 gold pieces at shops.

Inventory:

Hand Weapons
 t - a +5 war axe of flaming (weapon)
 C - a +1 antimagic hand axe
Missiles
 b - 12 silver javelins
 j - 13 curare-tipped darts
 s - 23 poisoned darts
 J - 5 datura-tipped darts
 M - 19 javelins (quivered)
Armour
 e - a +0 hat (worn)
 n - a +2 cloak of fire resistance
 E - a +0 pair of gloves of archery (worn)
 H - the cursed +0 plate armour "Puc Qaff" (worn) {*Contam rF+ Dex+8 Slay+4}
   (You bought it in a shop on level 5 of the Dungeon)

   It affects your dexterity (+8).
   It affects your accuracy and damage with ranged weapons and melee attacks
   (+4).
   It protects you from fire.
   It causes magical contamination when unequipped.
   It has a curse placed upon it.
 I - a scarf of repulsion (worn)
 V - a +1 tower shield of cold resistance (worn)
Jewellery
 g - a ring of poison resistance (left hand)
 x - an uncursed ring of positive energy
 K - a +4 ring of slaying (right hand)
 O - an amulet of faith (around neck)
Wands
 o - a wand of disintegration (8)
 p - a wand of paralysis (6)
 v - a wand of clouds (2)
 F - a wand of scattershot (6)
 R - a wand of flame (22)
 X - a wand of enslavement (9)
 Y - a wand of acid (15)
Scrolls
 a - a scroll of magic mapping
 i - 7 scrolls of remove curse
 m - 14 scrolls of teleportation
 r - 2 scrolls of fog
 y - 2 scrolls of fear
 Q - 3 scrolls of blinking
Potions
 d - a potion of stabbing {unknown}
 h - 5 potions of lignification
 k - 3 potions of heal wounds
 l - 3 potions of ambrosia
 q - 5 potions of haste
 u - 5 potions of flight
 w - a potion of cancellation {unknown}
 B - 2 potions of magic
 D - 5 potions of curing
 L - 2 potions of invisibility
 N - 2 potions of might
 T - 2 potions of resistance
 W - 2 potions of berserk rage
Miscellaneous
 S - a lightning rod (4/4)
 U - a phial of floods
 Z - a phantom mirror
Comestibles
 f - 22 rations


   Skills:
 + Level 9.0 Fighting
   Level 3.1 Short Blades
 - Level 16.0 Axes
 + Level 3.7 Throwing
 + Level 8.2 Armour
 + Level 7.8 Dodging
 + Level 8.1 Shields
 - Level 6.4 Invocations
 - Level 4.5 Evocations


You had 13 spell levels left.
You didn't know any spells.
Your spell library contained the following spells:

 Spells                   Type           Power        Failure   Level  Hunger
 Animate Skeleton         Necr           N/A          100%        1    ##.....
 Apportation              Tloc           #.....       100%        1    ##.....
 Corona                   Hex            #......      100%        1    ##.....
 Foxfire                  Conj/Fire      #...         100%        1    ##.....
 Shock                    Conj/Air       #...         100%        1    ##.....
 Summon Butterflies       Summ           #.......     100%        1    ##.....
 Summon Small Mammal      Summ           #...         100%        1    ##.....
 Slow                     Hex            #.......     100%        2    ###....
 Sticks to Snakes         Tmut           #.......     100%        2    ###....
 Conjure Flame            Conj/Fire      #.......     100%        3    ####...
 Ignite Poison            Fire/Tmut/Pois #.......     100%        3    ####...
 Inner Flame              Hex/Fire       #.......     100%        3    ####...
 Lesser Beckoning         Tloc           #.........   100%        3    ####...
 Portal Projectile        Hex/Tloc       #.....       100%        3    ####...
 Static Discharge         Conj/Air       #.......     100%        3    ####...
 Tukima's Dance           Hex            #.......     100%        3    ####...
 Cause Fear               Hex            #.........   100%        4    #####..
 Leda's Liquefaction      Hex/Erth       #.........   100%        4    #####..
 Sticky Flame             Conj/Fire      #.......     100%        4    #####..
 Summon Ice Beast         Ice/Summ       #.......     100%        4    #####..
 Summon Lightning Spire   Summ/Air       #.......     100%        4    #####..
 Alistair's Intoxication  Tmut/Pois      #.......     100%        5    ######.
 Fireball                 Conj/Fire      #.........   100%        5    ######.
 Irradiate                Conj/Tmut      #.........   100%        5    ######.
 Silence                  Hex/Air        #.........   100%        5    ######.
 Yara's Violent Unravell  Hex/Tmut       #.........   100%        5    ######.
 Conjure Ball Lightning   Conj/Air       #.........   100%        6    #######
 Deflect Missiles         Chrm/Air       #.........   100%        6    #######
 Hydra Form               Tmut           #.........   100%        6    #######
 Invisibility             Hex            #.......     100%        6    #######
 Shadow Creatures         Summ           N/A          100%        6    #######
 Statue Form              Tmut/Erth      #........    100%        6    #######
 Dragon Form              Tmut           #.........   100%        7    #######
 Tornado                  Air            #.........   100%        9    #######


Dungeon Overview and Level Annotations

Branches:
Dungeon (10/15)            Temple (1/1) D:7            Lair (6/6) D:8
 Shoals (0/4) Lair:3       Spider (0/4) Lair:4        Slime (0/5) Lair:5
    Orc (2/2) D:10            Elf (0/3) Orc:2       Ossuary (visited)
Volcano (visited)         Gauntlet (visited)

Altars:
Ashenzari
Cheibriados
Dithmenos
Elyvilon
Fedhas
Gozag
Hepliaklqana
Kikubaaqudgha
Makhleb
Nemelex Xobeh
Okawaru
Qazlal
Ru
Sif Muna
Trog
Uskayaw
Vehumet
Wu Jian
Xom
Yredelemnul
Zin
The Shining One

Shops:
D:5 ([%   D:7 (

Annotations:
Lair:1 exclusion: oklob plant
Lair:6 exclusion: 3 oklob plants
Orc:2 Nessos


Innate Abilities, Weirdness & Mutations

You have hoof-like feet.
You are mostly covered in yellow scales. (AC +3)
A demonic guardian rushes to your aid.
When hurt, damage is shared between your health and your magic reserves.
You regenerate magic rapidly.
When low on magic, you restore magic in place of health.
Armour fits poorly on your strangely shaped body.


Message History

There is a stone staircase leading up here.
There is a stone staircase leading down here.
You climb downwards.
There is a stone staircase leading up here.
You are feeling hungry.
(D) Dungeon (T) Temple (L) Lair (A) Shoals (N) Spider Nest (M) Slime Pits (O) Orcish Mines (E) Elven Halls
Where to? (Enter - Lair:4 @ (x,y), ? - help)
There is a stone staircase leading down here.
You climb downwards.
There is a stone staircase leading up here.
You see here a potion of mutation.
c - a potion of mutation Really quaff the potion of mutation?
You feel extremely strange.
Your magical essence no longer links to wands of the dungeon.
Your urge to shout disappears.
You feel robust.
You no longer feel cold resistant.
Your body twists and deforms.
Your feet thicken and deform.
Are you sure you want to abandon this character and quit the game? (Confirm with "yes".)

#######..P..P.###.#.P..###.......
..............# #########........
##.#..####....####### #.........
....### ###.......#.####.........
....## ##.............###P.....[#
.....###.[..............#........
.....P###...............##P....#P
......####..............###....##
.......###......@..<..........##
.......##....................#.#
.......####.................#.##
........###...............#####
........P##..............###
.........###...............###
.........##................#.##
.........#..#.................##
...........##..................#


There were no monsters in sight!

Vanquished Creatures
  A minotaur (Gauntlet)
  7 hydras
  An ice dragon (Lair:6)
  A catoblepas (Lair:6)
  A two-headed ogre (D:7)
  4 death yaks (Lair:6)
  Nergalle (D:10)
  Sonja (Lair:6)
  2 fire crabs
  An orc knight (Orc:1)
  3 lindwurms
  An obsidian statue (Gauntlet)
  2 wolf spiders (Lair:4)
  2 manticores
  10 elephants
  7 black mambas (Lair:6)
  Joseph (D:7)
  4 torpor snails (Lair:6)
  2 molten gargoyles (Volcano)
  9 spiny frogs
  7 rime drakes (Lair:4)
  4 komodo dragons
  3 trolls
  2 polar bears
  A jumping spider (Lair:4)
  4 tyrant leeches (Lair:6)
  8 hornets (Lair:6)
  6 blink frogs
  6 dream sheep (Lair:6)
  11 hippogriffs
  A redback (Lair:4)
  8 wyverns
  28 yaks
  5 basilisks
  9 fire bats
  A steam dragon (Volcano)
  A hungry ghost (D:7)
  2 swamp worms (Gauntlet)
  3 wargs
  10 water moccasins
  9 porcupines
  2 hell hounds
  2 sky beasts
  2 ice beasts
  2 phantoms
  12 orc warriors
  A necrophage (D:10)
  5 ogres
  3 centaurs
  12 crocodiles
  8 bullfrogs
  An elf zombie (Ossuary)
  A wyvern zombie (D:9)
  9 killer bees
  3 scorpions
  8 wights
  11 howler monkeys
  2 centaur zombies
  4 crimson imps
  6 hounds
  A human zombie (Ossuary)
  7 lava snakes (Volcano)
  A quasit (D:6)
  2 jellies
  12 orc wizards
  16 orc priests
  A centaur skeleton (D:5)
  2 iguanas
  A hell rat (Lair:6)
  9 worker ants
  2 big kobold zombies (Ossuary)
  2 hound zombies (Ossuary)
  3 mummies (Ossuary)
  A hound skeleton (D:8)
  5 adders
  A shadow imp (D:9)
  7 oozes (Lair:5)
  4 adder zombies
  An adder skeleton (D:5)
  3 worms (D:2)
  4 dart slugs
  4 leopard geckos
  48 orcs
  11 bats
  9 giant cockroaches
  2 gnoll zombies (Ossuary)
  5 goblins
  6 hobgoblins
  13 jackals
  6 kobolds
  A quokka (D:4)
  2 ball pythons
  7 frilled lizards
  A goblin zombie (Ossuary)
  4 hobgoblin zombies (Ossuary)
  6 kobold zombies (Ossuary)
  A leopard gecko zombie (D:6)
  An orc zombie (Ossuary)
  5 quokka zombies (Ossuary)
  10 rats
  3 rat zombies (Ossuary)
  2 fungi
  4 plants
520 creatures vanquished.

Vanquished Creatures (collateral kills)
  2 hydras (Lair:5)
  A death knight (D:8)
  2 death yaks (Lair:6)
  2 orc high priests (Orc:2)
  A manticore (Lair:6)
  2 torpor snails (Lair:6)
  6 elephants
  2 gargoyles (D:10)
  3 spiny frogs
  A komodo dragon (Lair:6)
  A hornet (Lair:6)
  A hippogriff (Lair:3)
  A dream sheep (Lair:6)
  6 blink frogs
  A wyvern (Lair:4)
  5 yaks
  A basilisk (Lair:3)
  A steam dragon (D:8)
  A warg (D:8)
  4 porcupines
  2 water moccasins
  A sky beast (D:5)
  2 orc warriors
  An ogre (D:7)
  A wolf (Lair:6)
  2 crocodiles
  4 bullfrogs
  A gnoll sergeant (Orc:1)
  2 killer bees (D:8)
  A wight (D:8)
  A howler monkey (D:9)
  An orc priest (D:5)
  An orc wizard (Orc:2)
  A worker ant (D:10)
  An adder (D:5)
  A shadow imp (D:8)
  2 leopard geckos (D:5)
  An orc (D:7)
  A quokka zombie (Ossuary)
71 creatures vanquished.

Vanquished Creatures (others)
  18 fungi
  25 plants
43 creatures vanquished.

Grand Total: 634 creatures vanquished

Notes
Turn   | Place    | Note
-------+----------+-------------------------------------------
     0 | D:1      | Faels the Demonspawn Fighter began the quest for the Orb.
     0 | D:1      | Reached XP level 1. HP: 18/18 MP: 1/1
    82 | D:1      | Gained mutation: When hurt, damage is shared between your
                  | health and your magic reserves. [demonic ancestry]
    82 | D:1      | Reached XP level 2. HP: 24/24 MP: 2/2
   466 | D:1      | Reached XP level 3. HP: 24/29 MP: 1/3
   674 | D:1      | Reached skill level 1 in Dodging
  1245 | D:2      | Found a shimmering altar of Xom,
  1247 | D:2      | Found a burning altar of Makhleb,
  1676 | D:2      | Gained mutation: You regenerate magic rapidly. [demonic
                  | ancestry]
  1676 | D:2      | Reached XP level 4. HP: 35/35 MP: 4/4
  2326 | D:3      | Found a snail-covered altar of Cheibriados,
  2326 | D:3      | Found a shattered altar of Ashenzari,
  2328 | D:3      | Found an ancient bone altar of Kikubaaqudgha,
  2686 | D:2      | Found a basalt altar of Yredelemnul,
  2775 | D:3      | Found a stormy altar of Qazlal,
  3636 | D:4      | Reached skill level 1 in Axes
  3636 | D:4      | Reached XP level 5. HP: 37/41 MP: 5/5
  3721 | D:4      | Reached skill level 2 in Axes
  3777 | D:4      | Reached skill level 3 in Axes
  3972 | D:4      | Reached XP level 6. HP: 16/47 MP: 3/6
  4454 | D:4      | Found a shadowy altar of Dithmenos,
  4816 | D:4      | Reached skill level 4 in Axes
  5240 | D:4      | Reached skill level 5 in Axes
  5240 | D:4      | Gained mutation: A weak demonic guardian rushes to your
                  | aid. [demonic ancestry]
  5240 | D:4      | Reached XP level 7. HP: 52/52 MP: 7/7
  5610 | D:5      | Entered Level 5 of the Dungeon
  5610 | D:5      | Found Peessy's Food Boutique,
  5706 | D:5      | Reached skill level 6 in Axes
  5802 | D:5      | Found Uckutilia's Armour Boutique,
  5808 | D:5      | Bought a +3 scale mail of poison resistance for 230 gold
                  | pieces
  5894 | D:5      | Reached skill level 7 in Axes
  6003 | D:5      | Found Loplo's Weapon Emporium,
  6059 | D:5      | Reached XP level 8. HP: 46/58 MP: 3/8
  6300 | D:6      | Identified the Reference Book on Flight
  6438 | D:6      | Found a radiant altar of Vehumet,
  6582 | D:6      | Found a sand-covered staircase,
  6587 | Ossuary  | Entered an ossuary
  6639 | Ossuary  | Reached skill level 8 in Axes
  7286 | D:7      | Found a staircase to the Ecumenical Temple,
  7297 | D:7      | Reached skill level 9 in Axes
  7382 | Temple   | Entered the Ecumenical Temple
  7438 | Temple   | Became a worshipper of Warmaster Okawaru
  7546 | D:7      | Found Geg Eno's Weapon Boutique,
  7564 | D:7      | Noticed Joseph
  7586 | D:7      | Killed Joseph
  7696 | D:7      | Gained mutation: You are partially covered in yellow
                  | scales. (AC +2) [demonic ancestry]
  7696 | D:7      | Reached XP level 9. HP: 44/64 MP: 9/9
  7714 | D:7      | Noticed a two-headed ogre
  7892 | D:7      | Killed a two-headed ogre
  7892 | D:7      | Reached * piety under Okawaru
  7892 | D:7      | Reached skill level 10 in Axes
  8374 | D:8      | Got a transparent ring mail
  8375 | D:8      | Identified the +2 ring mail "Visimeev" {Slay+3} (You found
                  | it on level 8 of the Dungeon)
  8377 | D:8      | Gained mutation: You expend magic power (3 MP) to
                  | strengthen your wands. [potion of mutation]
  8377 | D:8      | Gained mutation: You occasionally shout uncontrollably at
                  | your foes. [potion of mutation]
  8377 | D:8      | Gained mutation: Your spells are a little harder to cast,
                  | but a little more powerful. [potion of mutation]
  8378 | D:8      | Lost mutation: You expend magic power (3 MP) to strengthen
                  | your wands. [potion of mutation]
  8378 | D:8      | Lost mutation: Your spells are a little harder to cast, but
                  | a little more powerful. [potion of mutation]
  8378 | D:8      | Gained mutation: Your flesh is cold resistant. (rC+)
                  | [potion of mutation]
  8378 | D:8      | Gained mutation: You expend magic power (3 MP) to
                  | strengthen your wands. [potion of mutation]
  8396 | D:8      | Reached ** piety under Okawaru
  8396 | D:8      | Reached skill level 11 in Axes
  8964 | D:8      | Found a staircase to the Lair,
  8993 | D:8      | Reached skill level 12 in Axes
  9012 | D:8      | Found a white marble altar of Elyvilon,
  9023 | D:8      | Reached *** piety under Okawaru
  9047 | D:8      | Gained mutation: A demonic guardian rushes to your aid.
                  | [demonic ancestry]
  9047 | D:8      | Reached XP level 10. HP: 52/70 MP: 8/10
  9322 | D:8      | Noticed a death knight
  9339 | D:8      | Killed a death knight
  9339 | D:8      | Reached **** piety under Okawaru
  9339 | D:8      | Reached skill level 13 in Axes
  9838 | D:9      | Found a hazy altar of Hepliaklqana,
 10303 | D:9      | Received a gift from Okawaru
 10333 | D:9      | Found an opulent altar of Gozag,
 10333 | D:9      | Found a glowing silver altar of Zin,
 10575 | D:10     | Entered Level 10 of the Dungeon
 10660 | D:10     | Reached skill level 14 in Axes
 10929 | D:10     | Noticed a gargoyle
 10937 | D:10     | Killed a gargoyle
 10937 | D:10     | Reached ***** piety under Okawaru
 11049 | D:10     | Noticed a gargoyle
 11059 | D:10     | Killed a gargoyle
 11059 | D:10     | Gained mutation: When low on magic, you restore magic in
                  | place of health. [demonic ancestry]
 11059 | D:10     | Reached XP level 11. HP: 46/75 MP: 8/11
 11444 | D:10     | Noticed Nergalle
 11490 | D:10     | Killed Nergalle
 11646 | D:10     | Found a staircase to the Orcish Mines,
 11866 | Lair:1   | Entered Level 1 of the Lair of Beasts
 11870 | Lair:1   | Noticed a five-headed hydra
 11884 | Lair:1   | Killed a one-headed hydra
 12005 | Lair:1   | Received a gift from Okawaru
 12046 | Lair:1   | Reached skill level 15 in Axes
 12472 | Lair:1   | Found a blossoming altar of Fedhas,
 12486 | Lair:1   | Noticed an oklob plant
 13619 | Lair:2   | Noticed a six-headed hydra
 13632 | Lair:2   | Killed a two-headed hydra
 13632 | Lair:2   | Received a gift from Okawaru
 14801 | Lair:3   | Found a stormy altar of Qazlal,
 14820 | Lair:3   | Found a gate leading to a gauntlet,
 14860 | Gauntlet | Entered a Gauntlet
 14860 | Gauntlet | Found a large runed translucent door,
 14860 | Gauntlet | Found a large runed translucent door,
 14860 | Gauntlet | Found a large runed translucent door,
 14860 | Gauntlet | Found a large runed translucent door,
 14860 | Gauntlet | Found a runed translucent door,
 14860 | Gauntlet | Found a large runed translucent door,
 14860 | Gauntlet | Found a large runed translucent door,
 14860 | Gauntlet | Found a transporter,
 14860 | Gauntlet | Found a transporter,
 14860 | Gauntlet | Found a large runed translucent door,
 14860 | Gauntlet | Found a large runed translucent door,
 14860 | Gauntlet | Found a runed translucent gate,
 14860 | Gauntlet | Found a runed translucent gate,
 14860 | Gauntlet | Found a transporter,
 14860 | Gauntlet | Noticed a fire crab
 14877 | Gauntlet | Found a transporter,
 14881 | Gauntlet | Found a transporter,
 14893 | Gauntlet | Found a transporter,
 14895 | Gauntlet | Found a transporter,
 14904 | Gauntlet | Noticed an obsidian statue
 14905 | Gauntlet | Found a transporter,
 14926 | Gauntlet | Found a transporter,
 14928 | Gauntlet | Noticed an obsidian statue
 14943 | Gauntlet | Found a transporter,
 14947 | Gauntlet | Found a transporter,
 14961 | Gauntlet | Found a transporter,
 14963 | Gauntlet | Found a runed translucent gate,
 14964 | Gauntlet | Found a large runed translucent door,
 14964 | Gauntlet | Found a large runed translucent door,
 14965 | Gauntlet | Found a large runed translucent door,
 14966 | Gauntlet | Found a large runed translucent door,
 14967 | Gauntlet | Found a large runed translucent door,
 14967 | Gauntlet | Found a large runed translucent door,
 14967 | Gauntlet | Found a runed translucent door,
 14968 | Gauntlet | Found a large runed translucent door,
 14969 | Gauntlet | Found a large runed translucent door,
 15141 | Gauntlet | Reached skill level 16 in Axes
 15146 | Gauntlet | Killed a fire crab
 15146 | Gauntlet | Reached skill level 1 in Invocations
 15386 | Gauntlet | Killed an obsidian statue
 15393 | Gauntlet | Identified the Disquisition on Moulding and the Rocks
 15409 | Gauntlet | Noticed a minotaur
 15412 | Gauntlet | Identified the Reference Book on the Entourage
 15419 | Gauntlet | Killed a minotaur
 15419 | Gauntlet | Reached XP level 12. HP: 74/83 MP: 9/13
 15671 | D:5      | Bought the cursed +0 plate armour "Puc Qaff" {*Contam rF+
                  | Dex+8 Slay+4} for 620 gold pieces
 15974 | Lair:3   | Found a staircase to the Shoals,
 16490 | Lair:3   | Noticed a five-headed hydra
 16496 | Lair:3   | Killed a one-headed hydra
 16594 | Lair:3   | Received a gift from Okawaru
 17263 | Lair:4   | Found a dark tunnel,
 17294 | Volcano  | Entered a volcano
 17709 | Volcano  | Found a bloodstained altar of Trog,
 17726 | Volcano  | Reached skill level 5 in Fighting
 17856 | Volcano  | Reached skill level 5 in Invocations
 18000 | Volcano  | Reached ****** piety under Okawaru
 18176 | Lair:2   | Upgraded the game from 0.25-a0-697-g890751e to
                  | 0.25-a0-699-g25a338d
 18231 | Lair:4   | Received a gift from Okawaru
 18234 | Lair:4   | Got a faintly glowing executioner's axe {god gift}
 18440 | Lair:4   | Reached skill level 5 in Armour
 18440 | Lair:4   | Reached skill level 5 in Shields
 18719 | Lair:4   | Noticed a six-headed hydra
 18727 | Lair:4   | Received a gift from Okawaru
 19041 | Lair:4   | Killed a three-headed hydra
 19041 | Lair:4   | Reached skill level 5 in Dodging
 19144 | Lair:4   | Gained mutation: You have large cloven feet. [demonic
                  | ancestry]
 19144 | Lair:4   | Reached XP level 13. HP: 80/93 MP: 13/17
 19148 | Lair:4   | Found a hole to the Spider Nest,
 19157 | Lair:4   | Reached skill level 1 in Evocations
 20369 | Lair:5   | Found a staircase to the Slime Pits,
 20535 | Lair:5   | Received a gift from Okawaru
 20976 | Lair:6   | Entered Level 6 of the Lair of Beasts
 21029 | Lair:6   | Noticed Sonja
 21034 | Lair:6   | Killed Sonja
 21266 | Lair:6   | Got a twisted glaive
 21267 | Lair:6   | Identified the +4 glaive of Ohaimej {vorpal, *Drain +Inv
                  | MR+ Int+5} (You found it on level 6 of the Lair of Beasts)
 21459 | Lair:6   | Received a gift from Okawaru
 21780 | Lair:6   | Reached skill level 1 in Throwing
 21946 | Lair:6   | Gained mutation: You are mostly covered in yellow scales.
                  | (AC +3) [demonic ancestry]
 21946 | Lair:6   | Reached XP level 14. HP: 105/105 MP: 18/18
 21994 | Lair:6   | Received a gift from Okawaru
 22743 | Lair:6   | Found a runed translucent door,
 24094 | Orc:1    | Entered Level 1 of the Orcish Mines
 24814 | Orc:2    | Entered Level 2 of the Orcish Mines
 24858 | Orc:2    | Found a staircase to the Elven Halls,
 24945 | Orc:2    | Received a gift from Okawaru
 25113 | Orc:2    | Noticed Nessos
 25124 | Orc:2    | Gained mutation: You are frail. (-10% HP) [a neqoxec]
 25400 | Lair:4   | Lost mutation: You expend magic power (3 MP) to strengthen
                  | your wands. [potion of mutation]
 25400 | Lair:4   | Lost mutation: You occasionally shout uncontrollably at
                  | your foes. [potion of mutation]
 25400 | Lair:4   | Lost mutation: You are frail. (-10% HP) [potion of
                  | mutation]
 25400 | Lair:4   | Lost mutation: Your flesh is cold resistant. (rC+) [potion
                  | of mutation]
 25400 | Lair:4   | Gained mutation: Armour fits poorly on your strangely
                  | shaped body. [potion of mutation]
 25400 | Lair:4   | Gained mutation: You have hoof-like feet. [potion of
                  | mutation]
 25401 | Lair:4   | Quit the game

Levels and vault maps discovered:
D:1:      moated_graveyard_arrival, layout_basic, st_stairs_11,
          minmay_misc_feat_chi
D:2:      lemuel_upstairs_altar, layout_loops_ring, minitemple
D:3:      layout_basic, lemuel_crystal_altar, grunt_temple_overflow_open
D:4:      layout_basic, first_ration, grunt_dithmenos_smoke
D:5:      layout_cave_pools, serial_shops, shop, shop,
          nicolae_shop_temple_entry_statues_fountains
D:6:      layout_rooms, marbit_many_paths, enter_ossuary_5
D:7:      layout_rooms, minmay_temple_entry_large_hall, serial_shops,
          kennysheep_mini_moat, uniq_joseph
D:8:      minmay_chambers_of_sevens, layout_rooms, overflow_temple_1_default,
          erik_lair_orcish_takeover
D:9:      layout_roguey, grunt_temple_overflow_gold_and_silver, basic_altar
D:10:     layout_loops_ring, orc_0_dummy, uniq_nergalle
Temple:   hc_temple_tempest_star
Lair:1:   layout_chaotic_city, tgw_fedhas, grunt_megastairs_4
Lair:2:   layout_gridlike, minivault_19
Lair:3:   layout_layer_cave, minmay_shoals_entry_centaurs,
          gauntlet_entry_generic, basic_altar, minivault_26,
          chequers_serial_rivers_small_b
Lair:4:   layout_cave_pods, spider_nest_entry_funnel_web, special_room
          [special_room_mythical_zoo], nicolae_volcano_entry_lava_flow
Lair:5:   layout_hall_layers, nicolae_slime_entry_slimehenge
Lair:6:   wormcave, layout_layer_cave, hangedman_lair_in_review,
          serial_bayou_pond_a, minmay_lair_oklob_chamber, grunt_megastairs_2,
          uniq_sonja
Orc:1:    layout_caves, nicolae_orc_flooded_monolith, sword_in_stone
Orc:2:    st_orc_mages, layout_caves, gammafunk_ghost_cemetery, uniq_nessos

Skill      XL: |  1  2  3  4  5  6  7  8  9 10 11 12 13 14 |
---------------+-------------------------------------------+-----
Short Blades   | 2 3 |  3.1
Armour         | 3 5 7 8 |  8.2
Shields        | 3 5 7 8 |  8.1
Dodging        | 1 2 5 6 7 |  7.8
Axes           | 1 3 5 7 9 12 14 16 | 16.0
Invocations    | 2 6 |  6.4
Fighting       | 6 8 9 |  9.0
Evocations     | 4 |  4.5
Throwing       | 1 3 |  3.7

Action                   |  1- 3 |  4- 6 |  7- 9 | 10-12 | 13-15 || total
-------------------------+-------+-------+-------+-------+-------++-------
Melee: Rapier            |   165 |    78 |       |       |       ||   243
       War axe           |       |   132 |   393 |   564 |   393 ||  1482
       Kick              |       |       |       |       |   190 ||   190
Throw: Dart              |       |     9 |     6 |       |     2 ||    17
       Javelin           |       |       |       |     5 |    26 ||    31
Invok: Heroism           |       |       |       |     9 |     5 ||    14
       Finesse           |       |       |       |     3 |     2 ||     5
Evoke: Wand              |       |       |       |     2 |     1 ||     3
  Use: Scroll            |       |     5 |    18 |    14 |     8 ||    45
       Potion            |       |       |     3 |     1 |     2 ||     6
 Stab: Distracted        |       |       |     4 |     5 |     2 ||    11
       Paralysed         |       |       |       |       |     2 ||     2
  Eat: Chunk             |     2 |    12 |    10 |    22 |     9 ||    55
       Ration            |       |       |     1 |     3 |     3 ||     7
Armor: Scale mail        |     5 |       |   157 |   117 |       ||   279
       Chain mail        |   100 |   102 |    27 |       |       ||   229
       Plate armour      |       |       |       |    52 |   103 ||   155
Dodge: Dodged            |    29 |    56 |   109 |   133 |    72 ||   399
       Deflected         |       |       |       |     8 |     3 ||    11
Block: Kite shield       |    87 |    76 |   203 |   286 |    46 ||   698
       Tower shield      |       |       |       |       |   246 ||   246

Table legend:
 A = Non-vault XP
 B = Vault XP
 C = Vault XP percentage of total XP
 D = Non-vault monster count
 E = Vault monster count
 F = Vault count percentage of total count
                 A         B        C        D         E       F
            +---------+---------+-------+---------+---------+-------
      Total |   45292 |   42123 |  48.2 |     386 |     199 |  34.0
            +---------+---------+-------+---------+---------+-------
        D:1 |      60 |       6 |   9.1 |      25 |       3 |  10.7
        D:2 |      52 |       0 |   0.0 |      19 |       0 |   0.0
        D:3 |      39 |       0 |   0.0 |      20 |       0 |   0.0
        D:4 |     603 |       0 |   0.0 |      26 |       0 |   0.0
        D:5 |     716 |       0 |   0.0 |      22 |       0 |   0.0
        D:6 |     288 |       3 |   1.0 |       7 |       1 |  12.5
        D:7 |    1426 |     342 |  19.3 |      14 |       1 |   6.7
        D:8 |    1780 |    2466 |  58.1 |      32 |      21 |  39.6
        D:9 |    1138 |       0 |   0.0 |      26 |       0 |   0.0
       D:10 |    2124 |     665 |  23.8 |      24 |       1 |   4.0
     Temple |       3 |       0 |   0.0 |       1 |       0 |   0.0
     Lair:1 |    2382 |     379 |  13.7 |      11 |       2 |  15.4
     Lair:2 |    3610 |       0 |   0.0 |      16 |       0 |   0.0
     Lair:3 |    3143 |     221 |   6.6 |      13 |       2 |  13.3
     Lair:4 |    3863 |    8686 |  69.2 |      19 |      29 |  60.4
     Lair:5 |    7314 |      49 |   0.7 |      25 |       7 |  21.9
     Lair:6 |   14875 |   18544 |  55.5 |      54 |      48 |  47.1
      Orc:1 |     542 |    1187 |  68.7 |       9 |       6 |  40.0
      Orc:2 |    1334 |    1858 |  58.2 |      23 |      15 |  39.5
    Ossuary |       0 |     365 | 100.0 |       0 |      36 | 100.0
    Volcano |       0 |    4092 | 100.0 |       0 |      20 | 100.0
   Gauntlet |       0 |    3260 | 100.0 |       0 |       7 | 100.0
            +---------+---------+-------+---------+---------+-------
